Staline vs National
Created - 12 septembre 2014 at 19:02
Simulating a Pre-Season
Goals
|
| Staline |
1 |
0 |
1 |
2 |
| National |
3 |
3 |
1 |
7 |
|
Shots
|
| Staline |
11 |
3 |
15 |
29 |
| National |
5 |
10 |
10 |
25 |
|
1st period
1. National , Igor Makarov 1 (Rico Fata, Chris Mueller) at 7:08
2. National , Guillaume Desbiens 3 (Mikael Backlund, Denis Bodrov) at 10:43
3. National , Igor Makarov 2 (Chris Mueller) at 19:13
4. Staline , Cam Janssen 3 (Mason Raymond, Yan Stastny) at 19:19
Penalties :
Dustin Kohn (Que) for Hooking (Minor) at 10:54
2nd period
5. National , Guillaume Desbiens 4 (Mikael Backlund, Dustin Kohn) at 0:08
6. National , Mikael Backlund 5 (Pasi Salonen) at 16:00 (PP)
7. National , Pasi Salonen 1 (Magnus Paajarvi-Svensson, Mikael Backlund) at 16:52
Penalties :
Guillaume Desbiens (Que) for Unsportsmanlike conduct (Major / Game Misconduct) at 0:43, Mathieu Perreault (StJ) for Cross-checking (Minor) at 15:48, Magnus Paajarvi-Svensson (Que) for Fighting (Major) at 16:59, Stu Bickel (StJ) for Fighting (Major) at 16:59, Stu Bickel (StJ) for instigated a fight (Minor) at 16:59, Stu Bickel (StJ) for instigated a fight (10 Minutes Misconduct) at 16:59
3rd period
8. Staline , Nick Spaling 1 (Andrei Loktionov, Yan Stastny) at 0:37
9. National , David Desharnais 4 (Erik Gustafsson, Jonathan Cheechoo) at 3:31
Penalties :
Magnus Paajarvi-Svensson (Que) for Fighting (Major) at 5:13, Torey Krug (StJ) for Fighting (Major) at 5:13, Dustin Kohn (Que) for Roughing (Double Minor) at 7:22, Tyler Cuma (StJ) for Cross-checking (Minor) at 19:06
Goalie Stats
Joni Ortio (StJ), 2 saves from 6 shots - (0,333), L, 1-1-1, 20:08 minutes
Martin Houle (StJ), 16 saves from 19 shots - (0,842), 39:52 minutes
Tyler Plante (Que), 27 saves from 29 shots - (0,931), W, 2-0-0, 60:00 minutes
Players Stats for Staline
Player Name G A P +/- PIM S H SB GA TA FO MP PP MP PK MP
------------------------------------------------------------------------------------
Andrei Loktionov 0 1 1 -1 0 5 3 0 0 0 12/15 17:59 4:43 0:40
Cam Janssen 1 0 1 -2 0 2 1 0 2 0 1/3 21:59 4:37 2:04
Danny Kristo 0 0 0 -1 0 1 1 0 0 0 0/0 8:09 0:38 0:00
David Kolomatis 0 0 0 1 0 1 0 1 0 0 0/0 16:55 1:59 0:00
Greg Pateryn 0 0 0 0 0 0 2 0 0 1 0/0 14:44 0:56 1:43
J.T. Wyman 0 0 0 -1 0 2 0 0 2 1 0/0 17:46 4:26 0:00
James Sheppard 0 0 0 0 0 1 1 0 1 0 0/0 11:48 1:45 0:00
Jamie McGinn 0 0 0 -1 0 0 1 0 0 0 0/0 7:31 0:00 0:00
Jared Boll 0 0 0 0 0 1 0 1 1 0 0/0 11:54 1:57 0:00
Mason Raymond 0 1 1 -2 0 3 2 2 1 1 1/2 20:58 4:51 0:45
Mathieu Perreault 0 0 0 0 2 1 1 0 0 0 0/1 11:17 0:00 0:27
Nick Spaling 1 0 1 -1 0 5 3 1 0 0 0/0 17:30 4:27 0:00
Peter Holland 0 0 0 -1 0 1 0 0 0 0 0/0 8:35 0:37 0:10
Stu Bickel 0 0 0 -4 17 3 1 0 0 0 0/0 21:33 5:18 0:36
Theo Peckham 0 0 0 -3 0 1 4 1 0 0 0/0 27:53 5:11 1:50
Torey Krug 0 0 0 -1 5 1 2 0 0 0 0/0 18:30 3:33 1:14
Tyler Cuma 0 0 0 -1 2 0 1 1 0 0 0/0 19:59 4:57 0:45
Yan Stastny 0 2 2 -2 0 1 2 0 0 0 19/32 21:52 4:50 2:02
Players Stats for National
Player Name G A P +/- PIM S H SB GA TA FO MP PP MP PK MP
------------------------------------------------------------------------------------
Cédric Lalonde-McNicoll 0 0 0 0 0 1 0 0 0 0 2/6 10:45 0:00 0:44
Chris Mueller 0 2 2 2 0 2 0 0 1 0 1/4 9:33 0:00 0:00
David Desharnais 1 0 1 0 0 2 1 0 0 0 3/10 16:21 0:57 3:46
Denis Bodrov 0 1 1 1 0 0 3 1 1 0 0/0 25:28 1:53 4:49
Dustin Kohn 0 1 1 1 6 1 3 0 0 1 0/0 23:25 1:53 2:28
Erik Gustafsson 0 1 1 2 0 1 1 0 0 0 0/0 14:07 0:00 1:11
Guillaume Desbiens 2 0 2 1 15 2 0 0 1 0 0/0 6:16 0:00 0:00
Igor Makarov 2 0 2 2 0 3 1 0 0 1 0/0 16:12 0:43 2:30
Johannes Salmonsson 0 0 0 -1 0 0 3 0 0 0 0/0 13:06 0:49 2:16
Jonathan Cheechoo 0 1 1 0 0 1 0 1 0 0 1/1 12:21 0:10 0:00
Kristoffer Berglund 0 0 0 2 0 0 2 1 0 0 0/0 15:30 0:00 3:24
Magnus Paajarvi-Svensson 0 1 1 2 10 2 4 0 0 0 0/0 17:03 0:38 3:10
Mikael Backlund 1 3 4 2 0 4 2 1 0 3 11/28 22:37 2:07 4:53
Pasi Salonen 1 1 2 2 0 2 3 0 0 0 2/4 17:16 2:07 0:00
Pat Dwyer 0 0 0 0 0 1 0 0 0 0 0/0 12:44 1:41 0:00
Philip Larsen 0 0 0 1 0 0 2 0 0 1 0/0 20:14 1:11 4:53
Rico Fata 0 1 1 2 0 3 0 0 0 0 0/0 14:58 0:00 4:39
Ty Wishart 0 0 0 1 0 0 3 0 0 1 0/0 21:06 1:11 5:09
3 Stars
1 - Mikael Backlund (Que)
2 - Igor Makarov (Que)
3 - Pasi Salonen (Que)
Power Play
Staline - 0 on 4 Attempt(s) - 0,00%
National - 1 on 3 Attempt(s) - 33,33%
Penalty Kill
Staline - 2 on 3 Attempt(s) - 66,67%
- Score 0 goal in Penalty Kill
National - 4 on 4 Attempt(s) - 100,00%
- Score 0 goal in Penalty Kill
Official
Referees : Sutherland Kelly and Rooney Chris
Linesman : Lonnie Cameron and Derek Amell
Game Notes
Martin Houle enters game at 0:08 of 2nd period
Guillaume Desbiens ejected from game at 0:43 of 2nd period
Stu Bickel beats up Magnus Paajarvi-Svensson at 16:59 of 2nd period
Magnus Paajarvi-Svensson beats up Torey Krug at 5:13 of 3rd period
Staline
5 vs 5 Forward
Center Left Wing Right Wing Time % Phy DF OF
1 Yan Stastny Mason Raymond Cam Janssen 40 1 2 2
2 Andrei Loktionov Nick Spaling J.T. Wyman 30 1 2 2
3 Mathieu Perreault James Sheppard Jared Boll 20 1 2 2
4 Peter Holland Jamie McGinn Danny Kristo 10 1 2 2
5 vs 5 Defense
Defense Defense Time % Phy DF OF
1 Stu Bickel Theo Peckham 40 1 2 2
2 Tyler Cuma Torey Krug 30 1 2 2
3 David Kolomatis Greg Pateryn 20 1 2 2
4 Stu Bickel Theo Peckham 10 1 2 2
PowerPlay Forward
Center Left Wing Right Wing Time % Phy DF OF
1 Yan Stastny Mason Raymond Cam Janssen 60 1 2 2
2 Andrei Loktionov Nick Spaling J.T. Wyman 40 1 2 2
PowerPlay Defense
Defense Defense Time % Phy DF OF
1 Stu Bickel Theo Peckham 60 1 2 2
2 Tyler Cuma Torey Krug 40 1 2 2
Penalty Kill 4 Players Forward
Center Wing Time % Phy DF OF
1 Yan Stastny Cam Janssen 60 1 2 2
2 Andrei Loktionov Mason Raymond 40 1 2 2
Penalty Kill 4 Players Defense
Defense Defense Time % Phy DF OF
1 Stu Bickel Theo Peckham 60 1 2 2
2 Tyler Cuma Torey Krug 40 1 2 2
Penalty Kill - 3 Players Forward
Forward Time % Phy DF OF
1 Yan Stastny 60 1 2 2
2 Cam Janssen 40 1 2 2
Penalty Kill - 3 Players Defense
Defense Defense Time % Phy DF OF
1 Stu Bickel Theo Peckham 60 1 2 2
2 Tyler Cuma Torey Krug 40 1 2 2
4 vs 4 Forward
Center Wing Time % Phy DF OF
1 Yan Stastny Cam Janssen 60 1 2 2
2 Andrei Loktionov Mason Raymond 40 1 2 2
4 vs 4 Defense
Defense Defense Time % Phy DF OF
1 Stu Bickel Theo Peckham 60 1 2 2
2 Tyler Cuma Torey Krug 40 1 2 2
Last Minutes Offensive
Center Left Wing Right Wing Defense Defense
Yan Stastny Mason Raymond Cam Janssen Stu Bickel Theo Peckham
Last Minutes Defensive
Center Left Wing Right Wing Defense Defense
Yan Stastny Mason Raymond Cam Janssen Stu Bickel Theo Peckham
Goaltenders
Starting : Joni Ortio
Backup : Martin Houle
Extra Forwards
Normal : Jared Boll, James Sheppard, Mathieu Perreault - PP : Jared Boll, James Sheppard - PK : Mathieu Perreault
Extra Defensemen
Normal : David Kolomatis, Greg Pateryn, Tyler Cuma - PP : David Kolomatis - PK : Greg Pateryn, Tyler Cuma
Penalty Shots
Yan Stastny, Cam Janssen, Andrei Loktionov, Mason Raymond, J.T. Wyman
National
5 vs 5 Forward
Center Left Wing Right Wing Time % Phy DF OF
1 Mikael Backlund Pasi Salonen Guillaume Desbiens 40 1 2 2
2 David Desharnais Magnus Paajarvi-Svensson Jonathan Cheechoo 30 1 2 2
3 Chris Mueller Rico Fata Igor Makarov 20 1 2 2
4 Cédric Lalonde-McNicoll Johannes Salmonsson Pat Dwyer 10 1 2 2
5 vs 5 Defense
Defense Defense Time % Phy DF OF
1 Dustin Kohn Denis Bodrov 40 1 2 2
2 Philip Larsen Ty Wishart 30 1 2 2
3 Erik Gustafsson Kristoffer Berglund 20 1 2 2
4 Dustin Kohn Denis Bodrov 10 1 2 2
PowerPlay Forward
Center Left Wing Right Wing Time % Phy DF OF
1 Mikael Backlund Pasi Salonen Guillaume Desbiens 60 1 2 2
2 David Desharnais Magnus Paajarvi-Svensson Pat Dwyer 40 1 2 2
PowerPlay Defense
Defense Defense Time % Phy DF OF
1 Dustin Kohn Denis Bodrov 60 1 2 2
2 Philip Larsen Ty Wishart 40 1 2 2
Penalty Kill 4 Players Forward
Center Wing Time % Phy DF OF
1 Mikael Backlund Rico Fata 60 1 2 2
2 David Desharnais Magnus Paajarvi-Svensson 40 1 2 2
Penalty Kill 4 Players Defense
Defense Defense Time % Phy DF OF
1 Dustin Kohn Denis Bodrov 60 1 2 2
2 Philip Larsen Ty Wishart 40 1 2 2
Penalty Kill - 3 Players Forward
Forward Time % Phy DF OF
1 Mikael Backlund 60 1 2 2
2 David Desharnais 40 1 2 2
Penalty Kill - 3 Players Defense
Defense Defense Time % Phy DF OF
1 Dustin Kohn Denis Bodrov 60 1 2 2
2 Philip Larsen Ty Wishart 40 1 2 2
4 vs 4 Forward
Center Wing Time % Phy DF OF
1 Mikael Backlund Pasi Salonen 60 1 2 2
2 David Desharnais Magnus Paajarvi-Svensson 40 1 2 2
4 vs 4 Defense
Defense Defense Time % Phy DF OF
1 Dustin Kohn Denis Bodrov 60 1 2 2
2 Philip Larsen Ty Wishart 40 1 2 2
Last Minutes Offensive
Center Left Wing Right Wing Defense Defense
Mikael Backlund Pasi Salonen Guillaume Desbiens Dustin Kohn Denis Bodrov
Last Minutes Defensive
Center Left Wing Right Wing Defense Defense
Mikael Backlund Pasi Salonen Guillaume Desbiens Dustin Kohn Denis Bodrov
Goaltenders
Starting : Tyler Plante
Backup : Keith Kinkaid
Extra Forwards
Normal : Magnus Paajarvi-Svensson, Mikael Backlund, Igor Makarov - PP : Magnus Paajarvi-Svensson, Mikael Backlund - PK : Igor Makarov
Extra Defensemen
Normal : Erik Gustafsson, Kristoffer Berglund, Philip Larsen - PP : Erik Gustafsson - PK : Kristoffer Berglund, Philip Larsen
Penalty Shots
Pasi Salonen, Rico Fata, Guillaume Desbiens, Mikael Backlund, Johannes Salmonsson
% Time on Ice - Staline
Lines # - Real PCT - Wanted PCT - Time Play
Normal Forward
1 - 33% - 40% - 15:11
2 - 28% - 30% - 13:03
3 - 22% - 20% - 10:14
4 - 16% - 10% - 7:31
Normal Defense
1 - 44% - 40% - 20:15
2 - 31% - 30% - 14:04
3 - 21% - 20% - 9:34
4 - 5% - 10% - 2:06
PP Forward
1 - 57% - 60% - 6:12
2 - 43% - 40% - 4:45
PP Defense
1 - 46% - 60% - 5:05
2 - 54% - 40% - 5:52
PK Forward
1 - 78% - 60% - 2:24
2 - 22% - 40% - 0:40
PK Defense
1 - 60% - 60% - 1:50
2 - 40% - 40% - 1:14
PK3 Forward
1 - 0% - 60%
2 - 0% - 40%
PK3 Defense
1 - 0% - 60%
2 - 0% - 40%
44 Forward
1 - 0% - 60%
2 - 0% - 40%
44 Defense
1 - 0% - 60%
2 - 0% - 40%
Last Minute Offensive - 0:00
Last Minute Defensive - 0:00
Total
Forward - 60:00
Defense - 60:00
|
% Time on Ice - National
Lines # - Real PCT - Wanted PCT - Time Play
Normal Forward
1 - 35% - 40% - 16:17
2 - 24% - 30% - 11:04
3 - 21% - 20% - 9:33
4 - 20% - 10% - 9:05
Normal Defense
1 - 41% - 40% - 19:00
2 - 30% - 30% - 13:49
3 - 23% - 20% - 10:41
4 - 5% - 10% - 2:29
PP Forward
1 - 70% - 60% - 2:09
2 - 30% - 40% - 0:55
PP Defense
1 - 61% - 60% - 1:53
2 - 39% - 40% - 1:11
PK Forward
1 - 75% - 60% - 8:16
2 - 25% - 40% - 2:41
PK Defense
1 - 59% - 60% - 6:26
2 - 41% - 40% - 4:31
PK3 Forward
1 - 0% - 60%
2 - 0% - 40%
PK3 Defense
1 - 0% - 60%
2 - 0% - 40%
44 Forward
1 - 0% - 60%
2 - 0% - 40%
44 Defense
1 - 0% - 60%
2 - 0% - 40%
Last Minute Offensive - 0:00
Last Minute Defensive - 0:00
Total
Forward - 60:00
Defense - 60:00
|
Play by Play
1st period
0:01 of 1st period - Mikael Backlund wins face-off versus Yan Stastny in neutral zone.
0:16 of 1st period - Slapshot by Mikael Backlund.
0:16 of 1st period - Shot Blocked by Theo Peckham.
0:26 of 1st period - David Desharnais is hit by Theo Peckham.
1:27 of 1st period - Erik Gustafsson is hit by Torey Krug and loses puck.
1:56 of 1st period - Wrist shot by Andrei Loktionov.
1:56 of 1st period - Shot Misses the Net.
2:34 of 1st period - Cam Janssen is hit by Dustin Kohn and loses puck.
3:19 of 1st period - Wrist shot by Nick Spaling.
3:19 of 1st period - Stopped by Tyler Plante with a rebound.
3:59 of 1st period - Slapshot by Jared Boll.
3:59 of 1st period - Shot Misses the Net.
4:01 of 1st period - Slapshot by Stu Bickel.
4:01 of 1st period - Deflect By Mathieu Perreault.
4:01 of 1st period - Shot Misses the Net.
4:01 of 1st period - Puck is out of play.
4:02 of 1st period - David Desharnais wins face-off versus Yan Stastny in National zone.
4:17 of 1st period - Slapshot by Cam Janssen.
4:17 of 1st period - Shot Misses the Net.
4:32 of 1st period - Erik Gustafsson is hit by Andrei Loktionov and loses puck.
4:47 of 1st period - Rico Fata is hit by Jamie McGinn and loses puck.
5:48 of 1st period - Slapshot by Nick Spaling.
5:48 of 1st period - Stopped by Tyler Plante without a rebound.
5:49 of 1st period - Andrei Loktionov wins face-off versus Mikael Backlund in National zone.
5:54 of 1st period - Wrist shot by Andrei Loktionov.
5:54 of 1st period - Stopped by Tyler Plante with a rebound.
5:56 of 1st period - Snap shot by Nick Spaling.
5:56 of 1st period - Shot Blocked by Kristoffer Berglund.
5:58 of 1st period - Slapshot by Theo Peckham.
5:58 of 1st period - Shot Misses the Net.
6:00 of 1st period - Snap shot by Andrei Loktionov.
6:00 of 1st period - Stopped by Tyler Plante with a rebound.
6:02 of 1st period - Wrist shot by Stu Bickel.
6:02 of 1st period - Shot Misses the Net.
6:04 of 1st period - Snap shot by Nick Spaling.
6:04 of 1st period - Stopped by Tyler Plante with a rebound.
6:39 of 1st period - Chris Mueller is hit by Tyler Cuma and loses puck.
6:52 of 1st period - Rico Fata is hit by Stu Bickel and loses puck.
7:06 of 1st period - Wrist shot by Rico Fata.
7:06 of 1st period - Shot Misses the Net.
7:08 of 1st period - Snap shot by Igor Makarov.
7:08 of 1st period - Goal by Igor Makarov - Staline : 0 - National : 1.
7:09 of 1st period - Yan Stastny wins face-off versus Mikael Backlund in neutral zone.
7:12 of 1st period - Pasi Salonen is hit by Cam Janssen and loses puck.
7:42 of 1st period - Snap shot by Magnus Paajarvi-Svensson.
7:42 of 1st period - Shot Blocked by Nick Spaling.
8:00 of 1st period - Tyler Cuma is hit by Ty Wishart and loses puck.
8:41 of 1st period - Backhand shot by Cam Janssen.
8:41 of 1st period - Shot Misses the Net.
8:43 of 1st period - Snap shot by Yan Stastny.
8:43 of 1st period - Shot Misses the Net.
9:05 of 1st period - Wrist shot by Andrei Loktionov.
9:05 of 1st period - Shot Blocked by Jonathan Cheechoo.
9:39 of 1st period - Snap shot by Jared Boll.
9:39 of 1st period - Shot Hit the Post.
9:41 of 1st period - Slapshot by Theo Peckham.
9:41 of 1st period - Shot Blocked by Mikael Backlund.
9:43 of 1st period - Slapshot by Theo Peckham.
9:43 of 1st period - Stopped by Tyler Plante with a rebound.
9:45 of 1st period - Wrist shot by Jared Boll.
9:45 of 1st period - Stopped by Tyler Plante with a rebound.
10:01 of 1st period - Snap shot by Yan Stastny.
10:01 of 1st period - Stopped by Tyler Plante with a rebound.
10:06 of 1st period - Off-side.
10:07 of 1st period - Jonathan Cheechoo wins face-off versus Andrei Loktionov in neutral zone.
10:41 of 1st period - Wrist shot by Guillaume Desbiens.
10:41 of 1st period - Shot Blocked by Mason Raymond.
10:43 of 1st period - Wrist shot by Guillaume Desbiens.
10:43 of 1st period - Goal by Guillaume Desbiens - Staline : 0 - National : 2.
10:44 of 1st period - Yan Stastny wins face-off versus Mikael Backlund in neutral zone.
10:54 of 1st period - Minor Penalty to Dustin Kohn for Hooking.
10:55 of 1st period - Mikael Backlund wins face-off versus Yan Stastny in National zone.
11:10 of 1st period - Snap shot by Mason Raymond.
11:10 of 1st period - Stopped by Tyler Plante with a rebound.
11:23 of 1st period - Off-side.
11:24 of 1st period - Mikael Backlund wins face-off versus Andrei Loktionov in neutral zone.
12:40 of 1st period - Torey Krug is hit by Mikael Backlund and loses puck.
12:54 of 1st period - Penalty to Dustin Kohn is over, Dustin Kohn is back on ice.
13:11 of 1st period - Wrist shot by Cédric Lalonde-McNicoll.
13:11 of 1st period - Stopped by Joni Ortio with a rebound.
13:13 of 1st period - Slapshot by Denis Bodrov.
13:13 of 1st period - Shot Misses the Net.
13:30 of 1st period - Snap shot by Jamie McGinn.
13:30 of 1st period - Shot Misses the Net.
15:01 of 1st period - Tyler Cuma is hit by Pasi Salonen and loses puck.
16:02 of 1st period - Mason Raymond is hit by Johannes Salmonsson and loses puck.
16:46 of 1st period - Theo Peckham is hit by Erik Gustafsson and loses puck.
16:55 of 1st period - Philip Larsen is hit by Theo Peckham.
17:10 of 1st period - Johannes Salmonsson is hit by Mason Raymond and loses puck.
17:51 of 1st period - Chris Mueller is hit by Danny Kristo and loses puck.
18:25 of 1st period - Jared Boll is hit by Ty Wishart and loses puck.
18:54 of 1st period - David Desharnais is hit by Andrei Loktionov and loses puck.
19:09 of 1st period - Slapshot by Igor Makarov.
19:09 of 1st period - Shot Misses the Net.
19:11 of 1st period - Snap shot by Chris Mueller.
19:11 of 1st period - Stopped by Joni Ortio with a rebound.
19:13 of 1st period - Slapshot by Igor Makarov.
19:13 of 1st period - Goal by Igor Makarov - Staline : 0 - National : 3.
19:14 of 1st period - Yan Stastny wins face-off versus Mikael Backlund in neutral zone.
19:19 of 1st period - Snap shot by Cam Janssen.
19:19 of 1st period - Goal by Cam Janssen - Staline : 1 - National : 3.
19:20 of 1st period - Yan Stastny wins face-off versus Pasi Salonen in neutral zone.
19:54 of 1st period - Snap shot by Jared Boll.
19:54 of 1st period - Shot Misses the Net.
19:56 of 1st period - Snap shot by Mathieu Perreault.
19:56 of 1st period - Stopped by Tyler Plante without a rebound.
19:57 of 1st period - Yan Stastny wins face-off versus David Desharnais in National zone.
Goals for this period are 1 for Staline vs 3 for National.
Shots for this period are 11 for Staline vs 5 for National.
2nd period
0:01 of 2nd period - Pasi Salonen wins face-off versus Yan Stastny in neutral zone.
0:04 of 2nd period - Snap shot by Dustin Kohn.
0:04 of 2nd period - Shot Misses the Net.
0:06 of 2nd period - Snap shot by Mikael Backlund.
0:06 of 2nd period - Shot Misses the Net.
0:08 of 2nd period - Slapshot by Guillaume Desbiens.
0:08 of 2nd period - Goal by Guillaume Desbiens - Staline : 1 - National : 4.
0:08 of 2nd period - Martin Houle enters game.
0:09 of 2nd period - Yan Stastny wins face-off versus Mikael Backlund in neutral zone.
0:11 of 2nd period - Theo Peckham is hit by Philip Larsen and loses puck.
0:17 of 2nd period - Off-side.
0:18 of 2nd period - Mikael Backlund wins face-off versus Cam Janssen in neutral zone.
0:41 of 2nd period - Snap shot by Yan Stastny.
0:41 of 2nd period - Shot Misses the Net.
0:43 of 2nd period - Major / Game Misconduct Penalty to Guillaume Desbiens for Unsportsmanlike conduct.
0:43 of 2nd period - Guillaume Desbiens is ejected from game.
0:44 of 2nd period - Yan Stastny wins face-off versus Mikael Backlund in National zone.
0:57 of 2nd period - Snap shot by Mason Raymond.
0:57 of 2nd period - Stopped by Tyler Plante with a rebound.
2:32 of 2nd period - Icing by Mason Raymond.
2:33 of 2nd period - Mikael Backlund wins face-off versus Yan Stastny in Staline zone.
4:55 of 2nd period - Tyler Cuma is hit by Kristoffer Berglund and loses puck.
5:20 of 2nd period - Andrei Loktionov is hit by Johannes Salmonsson and loses puck.
5:43 of 2nd period - Penalty to Guillaume Desbiens is over, Igor Makarov is send on ice.
5:51 of 2nd period - Snap shot by Danny Kristo.
5:51 of 2nd period - Stopped by Tyler Plante with a rebound.
5:59 of 2nd period - Snap shot by Mikael Backlund.
5:59 of 2nd period - Shot Blocked by Tyler Cuma.
6:01 of 2nd period - Snap shot by Mikael Backlund.
6:01 of 2nd period - Stopped by Martin Houle with a rebound.
6:03 of 2nd period - Wrist shot by Igor Makarov.
6:03 of 2nd period - Stopped by Martin Houle with a rebound.
6:41 of 2nd period - J.T. Wyman is hit by Ty Wishart and loses puck.
6:54 of 2nd period - Danny Kristo is hit by Magnus Paajarvi-Svensson and loses puck.
7:11 of 2nd period - Cédric Lalonde-McNicoll is hit by Yan Stastny and loses puck.
7:34 of 2nd period - Kristoffer Berglund is hit by Theo Peckham and loses puck.
8:07 of 2nd period - Stu Bickel is hit by Dustin Kohn.
8:19 of 2nd period - Mason Raymond is hit by Dustin Kohn and loses puck.
8:53 of 2nd period - Mason Raymond is hit by Kristoffer Berglund and loses puck.
9:45 of 2nd period - Mason Raymond is hit by Denis Bodrov.
9:59 of 2nd period - David Desharnais is hit by Mathieu Perreault and loses puck.
10:16 of 2nd period - Pat Dwyer is hit by Nick Spaling and loses puck.
10:54 of 2nd period - Ty Wishart is hit by Theo Peckham and loses puck.
11:59 of 2nd period - Greg Pateryn is hit by Pasi Salonen and loses puck.
12:10 of 2nd period - Magnus Paajarvi-Svensson is hit by Mason Raymond and loses puck.
12:44 of 2nd period - Icing by Andrei Loktionov.
12:45 of 2nd period - Mikael Backlund wins face-off versus Yan Stastny in Staline zone.
13:11 of 2nd period - Ty Wishart is hit by Yan Stastny and loses puck.
13:53 of 2nd period - Kristoffer Berglund is hit by Nick Spaling and loses puck.
14:10 of 2nd period - Jamie McGinn is hit by Magnus Paajarvi-Svensson and loses puck.
14:28 of 2nd period - Wrist shot by David Desharnais.
14:28 of 2nd period - Stopped by Martin Houle without a rebound.
14:29 of 2nd period - Yan Stastny wins face-off versus David Desharnais in Staline zone.
15:02 of 2nd period - Snap shot by Pat Dwyer.
15:02 of 2nd period - Shot Misses the Net.
15:11 of 2nd period - Off-side.
15:12 of 2nd period - Andrei Loktionov wins face-off versus Cédric Lalonde-McNicoll in neutral zone.
15:35 of 2nd period - Kristoffer Berglund is hit by James Sheppard and loses puck.
15:48 of 2nd period - Minor Penalty to Mathieu Perreault for Cross-checking.
15:49 of 2nd period - Mikael Backlund wins face-off versus Yan Stastny in Staline zone.
15:58 of 2nd period - Slapshot by Mikael Backlund.
15:58 of 2nd period - Shot Misses the Net.
16:00 of 2nd period - Wrist shot by Mikael Backlund.
16:00 of 2nd period - Goal by Mikael Backlund - Staline : 1 - National : 5.
16:01 of 2nd period - Yan Stastny wins face-off versus David Desharnais in neutral zone.
16:17 of 2nd period - Off-side.
16:18 of 2nd period - Andrei Loktionov wins face-off versus Mikael Backlund in neutral zone.
16:27 of 2nd period - Snap shot by Dustin Kohn.
16:27 of 2nd period - Deflect By Nick Spaling.
16:27 of 2nd period - Stopped by Martin Houle without a rebound.
16:28 of 2nd period - Andrei Loktionov wins face-off versus Mikael Backlund in Staline zone.
16:48 of 2nd period - Snap shot by Pasi Salonen.
16:48 of 2nd period - Shot Misses the Net.
16:50 of 2nd period - Slapshot by Magnus Paajarvi-Svensson.
16:50 of 2nd period - Stopped by Martin Houle with a rebound.
16:52 of 2nd period - Snap shot by Pasi Salonen.
16:52 of 2nd period - Goal by Pasi Salonen - Staline : 1 - National : 6.
16:53 of 2nd period - David Desharnais wins face-off versus Yan Stastny in neutral zone.
16:56 of 2nd period - Slapshot by Magnus Paajarvi-Svensson.
16:56 of 2nd period - Stopped by Martin Houle with a rebound.
16:58 of 2nd period - Wrist shot by Magnus Paajarvi-Svensson.
16:58 of 2nd period - Shot Misses the Net.
16:59 of 2nd period - Stu Bickel beats up Magnus Paajarvi-Svensson.
16:59 of 2nd period - Penalty to Magnus Paajarvi-Svensson for Fighting.
16:59 of 2nd period - Penalty to Stu Bickel for Fighting.
16:59 of 2nd period - Penalty to Stu Bickel for instigated a fight.
16:59 of 2nd period - Penalty to Stu Bickel for instigated a fight.
17:00 of 2nd period - Yan Stastny wins face-off versus Mikael Backlund in Staline zone.
17:00 of 2nd period - Yan Stastny is hit by Mikael Backlund.
17:14 of 2nd period - Snap shot by Pasi Salonen.
17:14 of 2nd period - Stopped by Martin Houle without a rebound.
17:15 of 2nd period - Cam Janssen wins face-off versus Mikael Backlund in Staline zone.
17:55 of 2nd period - Slapshot by Tyler Cuma.
17:55 of 2nd period - Shot Misses the Net.
18:31 of 2nd period - Pasi Salonen is hit by Greg Pateryn and loses puck.
18:59 of 2nd period - Penalty to Stu Bickel is over, J.T. Wyman is send on ice.
19:02 of 2nd period - Mathieu Perreault is hit by Denis Bodrov and loses puck.
19:27 of 2nd period - Snap shot by Andrei Loktionov.
19:27 of 2nd period - Stopped by Tyler Plante with a rebound.
Goals for this period are 0 for Staline vs 3 for National.
Shots for this period are 3 for Staline vs 10 for National.
3rd period
0:01 of 3rd period - Yan Stastny wins face-off versus Mikael Backlund in neutral zone.
0:37 of 3rd period - Snap shot by Nick Spaling.
0:37 of 3rd period - Goal by Nick Spaling - Staline : 2 - National : 6.
0:38 of 3rd period - Mason Raymond wins face-off versus David Desharnais in neutral zone.
1:03 of 3rd period - Rico Fata is hit by Torey Krug and loses puck.
1:25 of 3rd period - Off-side.
1:26 of 3rd period - Cédric Lalonde-McNicoll wins face-off versus Mathieu Perreault in neutral zone.
1:41 of 3rd period - Snap shot by Mathieu Perreault.
1:41 of 3rd period - Deflect By Jared Boll.
1:41 of 3rd period - Shot Misses the Net.
1:41 of 3rd period - Puck is out of play.
1:42 of 3rd period - Pasi Salonen wins face-off versus Yan Stastny in National zone.
1:47 of 3rd period - Slapshot by Dustin Kohn.
1:47 of 3rd period - Shot Misses the Net.
1:53 of 3rd period - Snap shot by Mikael Backlund.
1:53 of 3rd period - Stopped by Martin Houle without a rebound.
1:54 of 3rd period - Yan Stastny wins face-off versus Mikael Backlund in Staline zone.
2:26 of 3rd period - Wrist shot by Nick Spaling.
2:26 of 3rd period - Shot Misses the Net.
2:28 of 3rd period - Wrist shot by J.T. Wyman.
2:28 of 3rd period - Stopped by Tyler Plante with a rebound.
2:30 of 3rd period - Slapshot by David Kolomatis.
2:30 of 3rd period - Stopped by Tyler Plante with a rebound.
2:32 of 3rd period - Slapshot by Theo Peckham.
2:32 of 3rd period - Deflect By Nick Spaling.
2:32 of 3rd period - Stopped by Tyler Plante with a rebound.
2:52 of 3rd period - Snap shot by Johannes Salmonsson.
2:52 of 3rd period - Shot Misses the Net.
2:54 of 3rd period - Slapshot by Denis Bodrov.
2:54 of 3rd period - Shot Misses the Net.
3:06 of 3rd period - Slapshot by Torey Krug.
3:06 of 3rd period - Stopped by Tyler Plante with a rebound.
3:22 of 3rd period - Torey Krug is hit by Philip Larsen.
3:23 of 3rd period - Icing by Torey Krug.
3:24 of 3rd period - David Desharnais wins face-off versus Yan Stastny in Staline zone.
3:25 of 3rd period - Snap shot by Jonathan Cheechoo.
3:25 of 3rd period - Stopped by Martin Houle with a rebound.
3:27 of 3rd period - Snap shot by David Desharnais.
3:27 of 3rd period - Shot Misses the Net.
3:31 of 3rd period - Snap shot by David Desharnais.
3:31 of 3rd period - Goal by David Desharnais - Staline : 2 - National : 7.
3:32 of 3rd period - Mikael Backlund wins face-off versus Yan Stastny in neutral zone.
3:41 of 3rd period - Backhand shot by Mason Raymond.
3:41 of 3rd period - Stopped by Tyler Plante without a rebound.
3:42 of 3rd period - Mikael Backlund wins face-off versus Yan Stastny in National zone.
4:01 of 3rd period - Slapshot by Cam Janssen.
4:01 of 3rd period - Deflect By Philip Larsen.
4:01 of 3rd period - Stopped by Tyler Plante without a rebound.
4:02 of 3rd period - Andrei Loktionov wins face-off versus Chris Mueller in National zone.
4:03 of 3rd period - Wrist shot by J.T. Wyman.
4:03 of 3rd period - Stopped by Tyler Plante with a rebound.
4:15 of 3rd period - Icing by Igor Makarov.
4:16 of 3rd period - Yan Stastny wins face-off versus Chris Mueller in National zone.
4:33 of 3rd period - Wrist shot by Dustin Kohn.
4:33 of 3rd period - Shot Blocked by Mason Raymond.
4:35 of 3rd period - Slapshot by Dustin Kohn.
4:35 of 3rd period - Shot Blocked by David Kolomatis.
5:06 of 3rd period - Wrist shot by Rico Fata.
5:06 of 3rd period - Stopped by Martin Houle with a rebound.
5:08 of 3rd period - Wrist shot by Rico Fata.
5:08 of 3rd period - Deflect By Cam Janssen.
5:08 of 3rd period - Stopped by Martin Houle without a rebound.
5:09 of 3rd period - Andrei Loktionov wins face-off versus Mikael Backlund in Staline zone.
5:13 of 3rd period - Magnus Paajarvi-Svensson beats up Torey Krug.
5:13 of 3rd period - Penalty to Magnus Paajarvi-Svensson for Fighting.
5:13 of 3rd period - Penalty to Torey Krug for Fighting.
5:14 of 3rd period - Andrei Loktionov wins face-off versus David Desharnais in neutral zone.
5:29 of 3rd period - Snap shot by Mikael Backlund.
5:29 of 3rd period - Shot Misses the Net.
6:01 of 3rd period - Wrist shot by Mikael Backlund.
6:01 of 3rd period - Shot Misses the Net.
6:40 of 3rd period - Icing by Nick Spaling.
6:41 of 3rd period - Andrei Loktionov wins face-off versus David Desharnais in Staline zone.
6:59 of 3rd period - 10 Minutes Game Misconduct Penalty to Stu Bickel is over.
7:08 of 3rd period - J.T. Wyman is hit by Denis Bodrov.
7:22 of 3rd period - Double Minor Penalty to Dustin Kohn for Roughing.
7:23 of 3rd period - Yan Stastny wins face-off versus Mikael Backlund in National zone.
7:30 of 3rd period - Snap shot by Yan Stastny.
7:30 of 3rd period - Shot Misses the Net.
7:32 of 3rd period - Slapshot by Stu Bickel.
7:32 of 3rd period - Stopped by Tyler Plante with a rebound.
9:17 of 3rd period - Yan Stastny is hit by David Desharnais and loses puck.
9:27 of 3rd period - Off-side.
9:28 of 3rd period - Andrei Loktionov wins face-off versus Cédric Lalonde-McNicoll in neutral zone.
9:59 of 3rd period - Kristoffer Berglund is hit by Andrei Loktionov and loses puck.
10:13 of 3rd period - Penalty to Magnus Paajarvi-Svensson is over, Magnus Paajarvi-Svensson is back on ice.
11:22 of 3rd period - Penalty to Dustin Kohn is over, Dustin Kohn is back on ice.
11:31 of 3rd period - Cédric Lalonde-McNicoll is hit by Greg Pateryn and loses puck.
12:08 of 3rd period - Tyler Cuma is hit by Igor Makarov and loses puck.
12:29 of 3rd period - Slapshot by Pat Dwyer.
12:29 of 3rd period - Stopped by Martin Houle without a rebound.
12:30 of 3rd period - Andrei Loktionov wins face-off versus Cédric Lalonde-McNicoll in Staline zone.
12:39 of 3rd period - Cédric Lalonde-McNicoll is hit by Nick Spaling and loses puck.
13:16 of 3rd period - Slapshot by Stu Bickel.
13:16 of 3rd period - Stopped by Tyler Plante without a rebound.
13:17 of 3rd period - Mikael Backlund wins face-off versus Cam Janssen in National zone.
13:21 of 3rd period - Off-side.
13:22 of 3rd period - Mikael Backlund wins face-off versus Mason Raymond in neutral zone.
13:25 of 3rd period - Snap shot by Erik Gustafsson.
13:25 of 3rd period - Stopped by Martin Houle without a rebound.
13:26 of 3rd period - Yan Stastny wins face-off versus Mikael Backlund in Staline zone.
14:12 of 3rd period - Snap shot by Mikael Backlund.
14:12 of 3rd period - Stopped by Martin Houle without a rebound.
14:13 of 3rd period - Chris Mueller wins face-off versus Andrei Loktionov in Staline zone.
14:14 of 3rd period - Snap shot by Rico Fata.
14:14 of 3rd period - Stopped by Martin Houle with a rebound.
14:16 of 3rd period - Backhand shot by Igor Makarov.
14:16 of 3rd period - Deflect By Chris Mueller.
14:16 of 3rd period - Shot Misses the Net.
14:16 of 3rd period - Puck is out of play.
14:17 of 3rd period - Andrei Loktionov wins face-off versus Chris Mueller in Staline zone.
14:32 of 3rd period - Snap shot by Rico Fata.
14:32 of 3rd period - Deflect By Chris Mueller.
14:32 of 3rd period - Stopped by Martin Houle with a rebound.
14:50 of 3rd period - Off-side.
14:51 of 3rd period - Yan Stastny wins face-off versus Mikael Backlund in neutral zone.
14:59 of 3rd period - Torey Krug is hit by Magnus Paajarvi-Svensson and loses puck.
15:06 of 3rd period - Tyler Cuma is hit by Magnus Paajarvi-Svensson and loses puck.
15:40 of 3rd period - James Sheppard is hit by Johannes Salmonsson and loses puck.
15:53 of 3rd period - Wrist shot by Johannes Salmonsson.
15:53 of 3rd period - Shot Blocked by Jared Boll.
16:05 of 3rd period - Mathieu Perreault is hit by Pasi Salonen.
16:38 of 3rd period - Slapshot by Jared Boll.
16:38 of 3rd period - Shot Blocked by Denis Bodrov.
16:40 of 3rd period - Slapshot by Stu Bickel.
16:40 of 3rd period - Stopped by Tyler Plante with a rebound.
16:42 of 3rd period - Snap shot by James Sheppard.
16:42 of 3rd period - Stopped by Tyler Plante without a rebound.
16:43 of 3rd period - Cédric Lalonde-McNicoll wins face-off versus Yan Stastny in National zone.
16:47 of 3rd period - Off-side.
16:48 of 3rd period - Yan Stastny wins face-off versus Cédric Lalonde-McNicoll in neutral zone.
17:17 of 3rd period - Snap shot by Peter Holland.
17:17 of 3rd period - Stopped by Tyler Plante with a rebound.
17:39 of 3rd period - Off-side.
17:40 of 3rd period - Andrei Loktionov wins face-off versus David Desharnais in neutral zone.
18:05 of 3rd period - Snap shot by Andrei Loktionov.
18:05 of 3rd period - Stopped by Tyler Plante with a rebound.
18:33 of 3rd period - Snap shot by Andrei Loktionov.
18:33 of 3rd period - Stopped by Tyler Plante with a rebound.
18:41 of 3rd period - Snap shot by Andrei Loktionov.
18:41 of 3rd period - Deflect By Nick Spaling.
18:41 of 3rd period - Shot Misses the Net.
18:41 of 3rd period - Puck is out of play.
18:42 of 3rd period - Yan Stastny wins face-off versus Mikael Backlund in National zone.
19:06 of 3rd period - Minor Penalty to Tyler Cuma for Cross-checking.
19:07 of 3rd period - Yan Stastny wins face-off versus Pasi Salonen in Staline zone.
Goals for this period are 1 for Staline vs 1 for National.
Shots for this period are 15 for Staline vs 10 for National.
Output by the SimonT Hockey Simulator (STHS) for François Prévost -- Original Page W3C XHTML 1.0 Valid